Map: Apotheosis LE

Players

MrDonkey

  • Race: Terran Terran
  • League: Platinum
  • Spawn Location: 11:00

Fropez - Winner!

  • Race: Protoss Protoss
  • League: Gold
  • Spawn Location: 5:00

VOD

Have the link to the VOD?

Description

Time

  • Played on: Oct. 22, 2016, 6:15 p.m.
  • Length: 9:12
Show
View Real Time Build Order
Export as new Build Order

MrDonkey Terran 

Build Orders: MMM Bio 

Get SALT Encoding   

  12  0:05  SCV  
  13  0:17  SCV  
  14  0:22  Supply Depot  
  14  0:30  Refinery  
  14  0:32  SCV  
  15  0:44  SCV  
  15  0:47  Barracks  
  16  1:02  SCV  
  17  1:04  Refinery  
  17  1:17  SCV  
  19  1:37  Orbital Command, Supply Depot  
  18  1:42  Factory  
  18  1:53  Barracks Reactor  
  18  2:04  Barracks  
  18  2:08  SCV  
  19  2:21  SCV  
  20  2:31  Marine x2  
  20  2:34  SCV  
  23  2:38  Widow Mine  
  23  2:42  Supply Depot  
  25  2:49  Starport  
  25  2:53  Barracks Tech Lab  
  25  3:05  Marine x2  
  26  3:07  Widow Mine  
  29  3:14  Marine  
  29  3:17  SCV  
  31  3:24  Stimpack  
  31  3:25  Starport Reactor  
  31  3:37  Widow Mine  
  33  3:44  Marine x2  
  35  3:57  SCV  
  35  3:59  Marine  
  37  4:18  Command Center  
  37  4:24  Engineering Bay  
  37  4:26  Engineering Bay  
  37  4:36  SCV  
  38  4:43  Marine  
  39  4:47  Supply Depot  
  39  4:58  Missile Turret  
  39  5:08  Marine  
  39  5:09  SCV  
  39  5:12  Marine  
  41  5:21  SCV  
  41  5:24  Medivac x2  
  45  5:31  Missile Turret  
  45  5:56  Marine, SCV  
  45  5:57  Marine x2  
  47  6:02  Medivac  
  47  6:03  Medivac  
  53  6:08  SCV, Orbital Command  
  54  6:21  Barracks  
  54  6:22  Barracks  
  54  6:25  Barracks  
  54  6:35  SCV  
  54  6:36  Marine x2  
  57  6:42  Combat Shields  
  57  6:52  SCV x2  
  59  6:56  Supply Depot x2  
  59  7:01  Marine  
  60  7:04  SCV  
  61  7:13  SCV  
  62  7:17  Marine x3  
  62  7:19  SCV, Refinery  
  62  7:21  Refinery  
  66  7:25  SCV  
  66  7:28  Widow Mine  
  69  7:32  SCV  
  52  8:14  Marine  
  53  8:24  Marine x2  
  53  8:25  Marine x3  
  58  8:32  Marine  
  53  8:43  Marine  
Show
View Real Time Build Order
Export as new Build Order

Fropez Protoss - Winner!

Build Orders:  

Get SALT Encoding   

  12  0:01  Probe (Chrono Boost)  
  13  0:12  Probe (Chrono Boost)  
  14  0:20  Pylon  
  14  0:35  Probe (Chrono Boost)  
  15  0:46  Probe (Chrono Boost)  
  16  0:56  Probe (Chrono Boost)  
  17  1:06  Gateway  
  17  1:07  Probe (Chrono Boost)  
  18  1:18  Nexus  
  18  1:22  Probe (Chrono Boost)  
  19  1:26  Assimilator  
  19  1:33  Pylon, Probe (Chrono Boost)  
  20  1:44  Probe (Chrono Boost)  
  21  1:55  Cybernetics Core  
  21  1:56  Probe (Chrono Boost)  
  22  2:12  Assimilator  
  22  2:13  Probe (Chrono Boost)  
  23  2:24  Probe (Chrono Boost), Gateway  
  23  2:29  Pylon  
  24  2:30  Probe (Chrono Boost)  
  26  2:39  Warp Gate (Chrono Boost)  
  27  2:44  Mothership Core (Chrono Boost)  
  27  2:52  Stalker  
  29  3:01  Probe (Chrono Boost)  
  29  3:03  Pylon  
  29  3:05  Probe (Chrono Boost)  
  31  3:11  Probe (Chrono Boost)  
  31  3:12  Pylon  
  28  3:24  Probe (Chrono Boost)  
  28  3:26  Stalker  
  28  3:27  Stalker  
  33  3:37  Pylon  
  33  3:38  Probe x2  
  35  3:47  Forge  
  31  3:49  Pylon  
  29  4:06  Probe (Chrono Boost)  
  35  4:17  Probe (Chrono Boost)  
  34  4:26  Probe (Chrono Boost)  
  34  4:27  Protoss Ground Weapons Level 1 (Chrono Boost)  
  31  4:39  Stalker x2  
  31  4:40  Pylon  
  31  4:41  Probe (Chrono Boost)  
  31  4:44  Pylon  
  31  4:45  Photon Cannon  
  34  4:47  Probe (Chrono Boost)  
  33  4:57  Probe (Chrono Boost)  
  32  5:01  Probe (Chrono Boost)  
  32  5:03  Photon Cannon  
  33  5:09  Probe (Chrono Boost)  
  34  5:20  Probe x2 (Chrono Boost)  
  36  5:26  Stalker x2  
  39  5:40  Gateway x2  
  39  5:44  Photon Cannon  
  39  5:47  Pylon x2  
  39  5:54  Assimilator  
  39  5:57  Assimilator  
  39  6:00  Mothership Core  
  39  6:01  Photon Cannon  
  39  6:06  Probe  
  40  6:11  Robotics Facility  
  40  6:13  Stalker  
  40  6:14  Stalker  
  44  6:19  Probe  
  45  6:47  Twilight Council, Protoss Ground Armor Level 1 (Chrono Boost)  
  45  6:55  Adept x3  
  45  6:56  Adept  
  53  7:12  Gateway  
  53  7:16  Gateway  
  53  7:18  Probe, Gateway  
  53  7:20  Probe, Gateway  
  55  7:23  Gateway  
  55  7:24  Resonating Glaives (Chrono Boost)  
  55  7:37  Gateway  
  55  7:55  Adept x4  
  63  8:03  Gateway  
  63  8:05  Gateway  
  63  8:16  Warp Prism  
  63  8:19  Probe  
  60  8:39  Nexus  
  58  8:42  Adept x4  
  65  8:57  Adept x3  
Tags
 
Composition
MMM Bio
Matchup
PvT
Replay Pack
From the laptop
Spawn Locations
Cross Positions
Add a new tag
Caveats
  • Supply blocks, unpowered buildings, or Contaminate may cause inaccurate times.
  • Supply counts are checked every 10 seconds.